 Dungeon Crawl Stone Soup version 0.19.0-11-g3fc08b3 (console) character file.

78 Gottschkopf the Magician (level 4, -1/21 HPs)
             Began as a Deep Elf Conjurer on Nov 10, 2016.
             Was an Initiate of Hepliaklqana.
             Slain by a phantom (8 damage)
             ... on level 3 of the Dungeon.
             The game lasted 00:04:48 (1964 turns).

Gottschkopf the Magician (Deep Elf Conjurer)        Turns: 1964, Time: 00:04:48

Health: -1/21      AC:  2    Str:  5    XL:     4   Next: 15%
Magic:  14/14      EV: 12    Int: 21    God:    Hepliaklqana [......]
Gold:   147        SH:  3    Dex: 15    Spells: 2 memorised, 12 levels left

rFire  . . .     SeeInvis .     p - +4 short sword
rCold  . . .     Gourm    .     a - +0 robe
rNeg   . . .     Faith    .     m - +0 buckler
rPois  .         Spirit   .     (no helmet)
rElec  .         Reflect  .     (no cloak)
rCorr  .         Harm     .     (no gloves)
MR     .....                    (no boots)
Stlth  ++........               (no amulet)
                                (no ring)
                                (no ring)

@: no status effects
A: reduced essence
a: Recall Ancestor, Ancestor Identity, Renounce Religion


You were on level 3 of the Dungeon.
You worshipped Hepliaklqana.
Hepliaklqana was noncommittal.
You were not hungry.

You visited 1 branch of the dungeon, and saw 4 of its levels.

You collected 147 gold pieces.

Inventory:

Hand Weapons
 p - a +4 short sword (weapon)
Armour
 a - a +0 robe (worn)
 g - a +0 leather armour
 m - a +0 buckler (worn)
Scrolls
 d - a scroll of identify
 i - a scroll of immolation
 l - a scroll of random uselessness {unknown}
 o - a scroll of recharging {unknown}
 q - a scroll of magic mapping {unknown}
Potions
 e - a potion of ambrosia {unknown}
 j - a potion of degeneration {unknown}
 k - a potion of magic {unknown}
 n - a potion of brilliance {unknown}
Books
 b - a book of Conjurations

   Spells                             Type                      Level
   a - Magic Dart                     Conjuration                  1
   b - Searing Ray                    Conjuration                  2
   c - Dazzling Spray                 Conjuration/Hexes            3
   d - Fulminant Prism                Conjuration/Hexes            4
   e - Iskenderun's Mystic Blast      Conjuration                  4
   f - Iskenderun's Battlesphere      Conjuration/Charms           5
Comestibles
 c - 2 bread rations
 f - 3 chunks of flesh
 h - 2 meat rations


   Skills:
 - Level 2.4 Dodging
 - Level 2.4 Stealth
 + Level 6.1 Spellcasting
 - Level 4.3 Conjurations


You had 12 spell levels left.
You knew the following spells:

 Your Spells              Type           Power        Failure   Level  Hunger
a - Magic Dart            Conj           ###.         3%          1    None
b - Searing Ray           Conj           ###...       6%          2    None


Dungeon Overview and Level Annotations

Branches:
Dungeon (4/15)
 Temple: D:4-7

Altars:
Cheibriados
Dithmenos
Hepliaklqana
Kikubaaqudgha
Makhleb
Okawaru
Trog

Annotations:
D:3 Robin


Message History

An adder, an ooze, 8 goblins and Robin come into view.
The goblin shouts! x2
Found 19 gold pieces and a bread ration.
There is a stone staircase leading down here.
As you read the scroll labeled TEMOUR KEDA, it crumbles to dust.
It is a scroll of identify.
i - a scroll of immolation Robin shouts!
The goblin shouts!
The ooze quivers.
The phantom hits you.
The hobgoblin shouts!
The adder hisses angrily.
Robin throws the goblin at you! The phantom closely misses you.
The goblin shouts!
Some of the chunks of flesh in your inventory have rotted away.
The hobgoblin shouts!
You hear a shout!
Robin flexes a bicep menacingly.
Robin roars a battlecry!
The goblins go into a battle-frenzy!
The phantom hits you!
You die...

#g........#
.#.g.......#
...g$.g....#
#.g.......#
#..g.gg...#
#..g.g.S$.#
#....o....#
#.....gg..#
#......W@.#
####.####....#
... .%..# ###
.....# .....#
.....# ....##
.....


You could see a phantom, Robin, an adder, an orc, 2 hobgoblins and 8 goblins.

Vanquished Creatures
  2 adders (D:2)
  An ooze (D:1)
  A dart slug (D:2)
  3 leopard geckos
  4 bats
  A giant cockroach (D:2)
  7 goblins
  5 hobgoblins
  3 jackals (D:1)
  A quokka (D:2)
  A ball python (D:1)
  2 frilled lizards (D:2)
  10 kobolds
  7 rats
48 creatures vanquished.

Vanquished Creatures (collateral kills)
  A worm (D:2)
1 creature vanquished.

Grand Total: 49 creatures vanquished

Notes
Turn   | Place    | Note
-------+----------+-------------------------------------------
     0 | D:1      | Gottschkopf the Deep Elf Conjurer began the quest for the Orb.
     0 | D:1      | Reached XP level 1. HP: 10/10 MP: 6/6
   469 | D:1      | Reached skill level 4 in Spellcasting
   469 | D:1      | Reached XP level 2. HP: 15/15 MP: 5/9
   974 | D:1      | Reached XP level 3. HP: 19/19 MP: 0/11
  1131 | D:2      | Reached skill level 5 in Spellcasting
  1306 | D:2      | Found an iron altar of Okawaru.
  1307 | D:2      | Found a snail-covered altar of Cheibriados.
  1359 | D:2      | Found a bloodstained altar of Trog.
  1359 | D:2      | Found a burning altar of Makhleb.
  1361 | D:2      | Found a shadowy altar of Dithmenos.
  1361 | D:2      | Found an ancient bone altar of Kikubaaqudgha.
  1362 | D:2      | Found a hazy altar of Hepliaklqana.
  1470 | D:2      | Became a worshipper of Hepliaklqana the Forgotten
  1595 | D:2      | Learned a level 2 spell: Searing Ray
  1671 | D:2      | Reached XP level 4. HP: 21/21 MP: 8/13
  1749 | D:2      | Reached skill level 6 in Spellcasting
  1956 | D:2      | You fall through a shaft for 2 floors!
  1956 | D:4      | Noticed a phantom
  1961 | D:3      | Noticed Robin
  1964 | D:3      | Slain by a phantom

Skill      XL: |  1  2  3  4 |
---------------+-------------+-----
Spellcasting   | 4 5 6 |  6.1
Dodging        | |  2.4
Stealth        | |  2.4
Conjurations   | |  4.3

Action                   |  1- 3 |  4- 6 || total
-------------------------+-------+-------++-------
Melee: Dagger            |     7 |       ||     7
 Cast: Magic Dart        |    82 |    12 ||    94
Invok: Ancestor Identity |     1 |       ||     1
  Use: Scroll            |       |     1 ||     1
  Eat: Chunk             |     2 |     1 ||     3
Armor: Robe              |     1 |       ||     1
Dodge: Dodged            |    17 |     2 ||    19
Block: Buckler           |     1 |       ||     1
